 Dungeon Crawl Stone Soup version 0.23.0-2-g0fe3ce5905 (webtiles) character file.

Game seed: 9655885661185990450

304591 haldagan the Peltast (level 20, -7/165 HPs)
             Began as a Merfolk Gladiator on Feb 19, 2019.
             Was an Elder of Zin.
             Mangled by a stone giant (13 damage)
             ... while paralysed by a vampire knight
             ... on level 1 of the Depths on Feb 20, 2019.
             The game lasted 03:35:30 (52213 turns).

haldagan the Peltast (Merfolk Gladiator)           Turns: 52213, Time: 03:35:31

Health: -7/165     AC: 20    Str: 26    XL:     20   Next: 67%
Magic:  29/29      EV:  2    Int: 11    God:    Zin [****..]
Gold:   814        SH:  0    Dex: 19    Spells: 19/19 levels left

rFire    + . .     SeeInvis +   b - +4 trident (freeze)
rCold    + + +     Gourm    .   N - +0 shield of the Orb Guardian {rPois rC++ Int+4 Dex-5}
rNeg     + . .     Faith    +   S - +2 plate armour {rF+}
rPois    +         Spirit   .   (helmet restricted)
rElec    +         Reflect  .   L - +2 cloak of the Thief {+Fog Slay-2 SInv Stlth+}
rCorr    +         Harm     .   l - -1 pair of gloves "Qawuwkia" {rC++ rCorr Int+2}
MR       ++...                  Q - +2 pair of boots of Ceajoh {Dex+6}
Stlth    +.........             h - amulet of faith
HPRegen  0.37/turn              E - ring of the Octopus King {rN+ AC+1 EV+1 Str+1 Int+1 Dex+1}
MPRegen  0.21/turn              (no ring)

@: paralysed, lethally poisoned (-7 -> -25), slightly contaminated, studying
Invocations, drained
A: change form in water, swift swim, stealthy swim, beak, repulsion field 1,
blink, magic resistance 1, poison resistance, electricity resistance, pseudopods
1, translucent skin 1
}: 3/15 runes: serpentine, barnacled, slimy
a: Blink, Recite, Vitalisation, Imprison, Donate Gold, Renounce Religion, Evoke
Fog


You were on level 1 of the Depths.
You worshipped Zin.
Zin was greatly pleased with you.
You were not hungry.

You visited 9 branches of the dungeon, and saw 41 of its levels.
You also visited: Bailey and Ice Cave.

You collected 5122 gold pieces.
You spent 3370 gold pieces at shops.
You donated 938 gold pieces to Zin.

Inventory:

Hand Weapons
 b - a +4 trident of freezing (weapon)
 c - the +8 demon trident "Rift" {distort, reach+}
   (You found it on level 3 of the Elven Halls)

   It warps and distorts space around it.
   Unwielding it can cause banishment or high damage.
   Zin disapproves of the use of such an item.
 H - a +1 demon trident of flaming
 Y - the +4 demon trident of Sirax {freeze, Int+2 Dex+5 SInv}
   (Trog gifted it to you in an ice cave)

   It has been specially enchanted to freeze those struck by it, causing extra
   injury to most foes and up to half again as much damage against particularly
   susceptible opponents.
   It can also slow down cold-blooded creatures.
   It affects your intelligence (+2).
   It affects your dexterity (+5).
   It lets you see invisible.
   Zin disapproves of the use of such an item.
Armour
 d - the +3 scale mail of Hairiness {rN++ Stlth+}
   (You found it on level 5 of the Pits of Slime)

   It greatly protects you from negative energy.
   It makes you more stealthy.
 k - a +3 chain mail of poison resistance
 l - the -1 pair of gloves "Qawuwkia" (worn) {rC++ rCorr Int+2}
   (You found it on level 15 of the Dungeon)

   It affects your intelligence (+2).
   It greatly protects you from cold.
   It provides partial protection from all sources of acid and corrosion.
 t - a +9 plate armour of ponderousness
 w - a +1 pair of boots of flying
 K - the +1 ring mail of Understanding {rC+ rCorr}
   (You found it on level 9 of the Dungeon)

   It protects you from cold.
   It provides partial protection from all sources of acid and corrosion.
 L - the +2 cloak of the Thief (worn) {+Fog Slay-2 SInv Stlth+}
   (You found it on level 6 of the Dungeon)

   It affects your accuracy and damage with ranged weapons and melee attacks
   (-2).
   It lets you see invisible.
   It makes you more stealthy.
 N - the +0 shield of the Orb Guardian (worn) {rPois rC++ Int+4 Dex-5}
   (You bought it in a shop on level 4 of the Snake Pit)

   It affects your intelligence (+4).
   It affects your dexterity (-5).
   It greatly protects you from cold.
   It protects you from poison.
 Q - the +2 pair of boots of Ceajoh (worn) {Dex+6}
   (You bought it in a shop on level 4 of the Snake Pit)

   It affects your dexterity (+6).
 R - the +1 helmet of Free Will {rElec}
   (You found it in a bailey)

   It insulates you from electricity.
 S - a +2 plate armour of fire resistance (worn)
 V - a +0 large shield
 W - the +0 pair of gloves of Understanding {+Fly rElec rPois Int+2}
   (You acquired it on level 3 of the Elven Halls)

   It affects your intelligence (+2).
   It insulates you from electricity.
   It protects you from poison.
   It lets you fly.
Jewellery
 h - an amulet of faith (around neck)
 j - the ring "Ukkelaq" {*Tele Str+7 Int-5 Slay+6 Stlth+}
   (You bought it in a shop on level 2 of the Elven Halls)

   [ring of teleportation]

   It may teleport you next to monsters.
   It affects your strength (+7).
   It affects your intelligence (-5).
   It affects your accuracy and damage with ranged weapons and melee attacks
   (+6).
   It makes you more stealthy.
 o - an uncursed ring of protection from magic
 u - an uncursed ring of protection from fire
 v - the ring "Fevvelor" {+Inv Str+5}
   (You found it on level 5 of the Pits of Slime)

   [ring of strength]

   It affects your strength (+5).
   It lets you turn invisible.
 y - an uncursed ring of resist corrosion
 E - a ring of the Octopus King (left hand) {rN+ AC+1 EV+1 Str+1 Int+1 Dex+1}
   (You bought it in a shop on level 2 of the Orcish Mines)

   [ring of positive energy]

   It affects your AC (+1).
   It affects your evasion (+1).
   It affects your strength (+1).
   It affects your intelligence (+1).
   It affects your dexterity (+1).
   It protects you from negative energy.
 J - the ring of Zyxkotzy {rF+ AC+3 Str+7}
   (You took it off a deep elf death mage on level 3 of the Elven Halls)

   [ring of protection]

   It affects your AC (+3).
   It affects your strength (+7).
   It protects you from fire.
 Z - an uncursed amulet of regeneration
Wands
 g - a wand of acid (10)
 r - a wand of iceblast (29)
 O - a wand of digging (7)
Scrolls
 e - 3 scrolls of teleportation
 m - 5 scrolls of fear
 x - 6 scrolls of enchant weapon
 z - 3 scrolls of fog
 D - 3 scrolls of enchant armour
 G - 3 scrolls of blinking
 I - 15 scrolls of remove curse
 P - 3 scrolls of magic mapping
Potions
 a - a potion of resistance
 i - 8 potions of heal wounds
 n - 15 potions of might
 p - 4 potions of haste
 q - 3 potions of brilliance
 A - 2 potions of flight
 C - 17 potions of curing
 M - 5 potions of agility
 T - 2 potions of invisibility
Books
 U - a manual of Invocations
Miscellaneous
 B - a phial of floods
 F - 4 boxes of beasts
 X - a phantom mirror
Comestibles
 f - 35 rations


   Skills:
 + Level 16.2(15.3) Fighting
 + Level 16.3(15.5) Polearms
 - Level 2.0(1.4) Throwing
 * Level 12.4(11.6) Armour
 - Level 16.0(15.1) Dodging
 - Level 9.0(8.4) Stealth
 - Level 18.3(17.5) Shields
 * Level 4.7(4.0) Invocations
 - Level 13.2(12.5) Evocations


You had 19 spell levels left.
You didn't know any spells.
Your spell library contained the following spells:

 Spells                   Type           Power        Failure   Level  Hunger
 Animate Skeleton         Necr           N/A          96%         1    ##.....
 Apportation              Tloc           #.....       96%         1    ##.....
 Confusing Touch          Hex            #.....       96%         1    ##.....
 Magic Dart               Conj           #...         96%         1    ##.....
 Sandblast                Erth           #.....       96%         1    ##.....
 Summon Butterflies       Summ           #.......     96%         1    ##.....
 Summon Small Mammal      Summ           #...         96%         1    ##.....
 Passwall                 Tmut/Erth      #.......     99%         2    ###....
 Poisonous Vapours        Pois/Air       #.....       99%         2    ###....
 Searing Ray              Conj           #.....       99%         2    ###....
 Call Canine Familiar     Summ           #.......     100%        3    ####...
 Conjure Flame            Conj/Fire      #.......     100%        3    ####...
 Dazzling Spray           Conj/Hex       #.....       100%        3    ####...
 Mephitic Cloud           Conj/Pois/Air  #.......     100%        3    ####...
 Recall                   Summ/Tloc      N/A          100%        3    ####...
 Stone Arrow              Conj/Erth      #.....       100%        3    ####...
 Animate Dead             Necr           N/A          100%        4    #####..
 Force Lance              Conj/Tloc      #.......     100%        4    #####..
 Fulminant Prism          Conj/Hex       #.........   100%        4    #####..
 Iskenderun's Mystic Bla  Conj           #.......     100%        4    #####..
 Petrify                  Tmut/Erth      #.......     100%        4    #####..
 Summon Ice Beast         Ice/Summ       #.......     100%        4    #####..
 Bolt of Magma            Conj/Fire/Erth #.........   100%        5    ######.
 Borgnjor's Vile Clutch   Necr/Erth      #.........   100%        5    ######.
 Iskenderun's Battlesphe  Conj/Chrm      #.......     100%        5    ######.
 Lee's Rapid Deconstruct  Erth           #.........   100%        5    ######.
 Summon Mana Viper        Hex/Summ       #.......     100%        5    ######.
 Venom Bolt               Conj/Pois      #.........   100%        5    ######.
 Death Channel            Necr           #.........   100%        6    #######
 Freezing Cloud           Conj/Ice/Air   #.........   100%        6    #######
 Iron Shot                Conj/Erth      #.........   100%        6    #######
 Simulacrum               Ice/Necr       #.........   100%        6    #######
 Orb of Destruction       Conj           #.........   100%        7    #######
 Ring of Flames           Chrm/Fire      #.........   100%        7    #######
 Spellforged Servitor     Conj/Summ      #.........   100%        7    #######
 Summon Hydra             Summ           #.........   100%        7    #######


Dungeon Overview and Level Annotations

Branches:
Dungeon (15/15)            Temple (1/1) D:7            Lair (6/6) D:8
 Shoals (4/4) Lair:2        Snake (4/4) Lair:3        Slime (5/5) Lair:5
    Orc (2/2) D:11            Elf (3/3) Orc:2        Vaults (0/5) D:13
 Depths (1/5) D:15

Altars:
Ashenzari
Cheibriados
Dithmenos
Elyvilon
Fedhas
Gozag
Hepliaklqana
Kikubaaqudgha
Makhleb
Nemelex Xobeh
Okawaru
Qazlal
Ru
Sif Muna
Trog
Uskayaw
Vehumet
Wu Jian
Xom
Yredelemnul
Zin
The Shining One
Beogh
Jiyva

Shops:
Orc:2 (=[*   Elf:2 =   Snake:3 (   Snake:4 [(

Annotations:
D:15 Sojobo
Lair:4 3 runed translucent doors, Ivernyr's ghost, journeyman NaWz
Slime:5 Royal Jelly
Elf:1 6 runed translucent doors
Elf:2 5 runed translucent doors, 1 exclusion


Innate Abilities, Weirdness & Mutations

You revert to your normal form in water You are very nimble and swift while swimming.
You are very stealthy in the water. (Stealth+)
You have a beak for a mouth.
You are surrounded by a mild repulsion field. (EV +2)
You can translocate small distances at will.
You are resistant to hostile enchantments. (MR+)
Your system is resistant to poisons. (rPois)
You are resistant to electric shocks. (rElec)
Armour fits poorly on your pseudopods.
Your translucent skin slightly reduces your foes' accuracy. (Stealth)


Message History

The tengu reaver claws you but does no damage.
The vampire knight hits you but does no damage.
You feel sick.
The vampire knight blinks!
The rakshasa hits you but does no damage.
The vampire knight hits you from afar with a +1 halberd!!
* * * LOW HITPOINT WARNING * * *
The tengu reaver hits you but does no damage.
You are lethally poisoned!
The tengu reaver pecks you but does no damage.
The tengu reaver claws you but does no damage.
* * * LOW HITPOINT WARNING * * *
You feel sick.
The vampire knight hits you from afar with a +1 halberd.
* * * LOW HITPOINT WARNING * * *
The tengu reaver hits you with a +2 dire flail of venom.
* * * LOW HITPOINT WARNING * * *
The tengu reaver pecks you but does no damage.
The tengu reaver claws you but does no damage.
The rakshasa blinks!
The stone giant hits you!
You die...

##........
##........#
##.........# .
##..........##..
#.....[...%.....
#...............
#...............
........##......
......C@<# .....
......QQ)# ....
......V§§# ...
....§.V.... .m
.........(... .
..Q............
...............
.......R.......
...............


You could see a stone giant, 3 tengu reavers, 2 vampire knights and a rakshasa.

Vanquished Creatures
  Vashnia (Snake:4)
  Rupert (D:15)
  A deep elf master archer (Elf:3)
  2 deep elf blademasters (Elf:3)
  2 krakens
  Frances (D:14)
  Kirke (Lair:4)
  10 nagarajas
  A fire giant (Depths:1)
  An orc warlord (Orc:1)
  3 frost giants
  2 deep elf sorcerers (Elf:3)
  Louise (D:14)
  A deep elf elementalist (Elf:3)
  A large abomination (Elf:1)
  An ironheart preserver (D:13)
  2 stone giants
  6 deep elf demonologists
  Azrael (D:15)
  3 deep elf annihilators (Elf:3)
  Snorg (D:10)
  5 merfolk javelineers (Shoals:4)
  5 deep elf death magi (Elf:3)
  7 merfolk impalers
  A jiangshi (D:15)
  Josephine (D:10)
  25 naga warriors
  4 deep elf high priests
  A rakshasa (D:14)
  8 hydras
  A catoblepas (Lair:6)
  Erica (Lair:1)
  11 two-headed ogres
  2 ogre magi (D:15)
  7 anacondas
  5 centaur warriors
  3 satyrs (Shoals:4)
  16 dancing weapons
  2 alligator snapping turtles
  2 merfolk aquamancers (Shoals:4)
  A vampire mage (D:15)
  5 orc high priests (Orc:2)
  Nergalle (D:10)
  7 shock serpents
  18 naga sharpshooters
  13 deep elf knights
  A small abomination (Elf:1)
  Sonja (Lair:1)
  An iron troll (D:15)
  A skeletal warrior (D:13)
  A deep troll (D:15)
  5 salamander mystics
  10 sea snakes
  13 deep elf archers
  An orange crystal statue (Elf:2)
  2 phantasmal warriors (D:15)
  8 harpies
  9 naga ritualists
  9 orc knights
  12 mana vipers
  6 cyclopes
  9 orc sorcerers
  11 salamanders
  49 deep elf magi
  10 manticores
  12 fauns
  18 ugly things
  Maurice (D:8)
  5 elephants (Lair:6)
  5 water nymphs
  An ice statue (IceCv)
  A guardian serpent (shapeshifter) (D:14)
  5 merfolk sirens
  Psyche (D:8)
  33 black mambas
  7 guardian serpents
  Joseph (D:8)
  14 naga magi
  5 spiny frogs
  A kobold demonologist (D:13)
  9 komodo dragons
  5 yaktaurs (D:15)
  A tengu conjurer (D:15)
  18 merfolk
  18 polar bears
  A jumping spider (shapeshifter) (D:15)
  Prince Ribbit (D:7)
  5 wind drakes
  7 hornets
  5 trolls
  4 dream sheep (Shoals:2)
  16 blink frogs
  9 snapping turtles
  4 slime creatures (Depths:1)
  11 hippogriffs
  13 spriggans
  3 air elementals
  2 shadows
  14 water elementals
  6 wraiths
  2 wyverns
  46 yaks
  4 fire elementals
  2 hogs (Lair:4)
  A hungry ghost (D:10)
  3 steam dragons
  2 basilisks (D:8)
  8 vampire mosquitoes
  Grum (Lair:1)
  Menkaure (D:4)
  2 acid dragons (D:15)
  75 nagas
  4 hell hounds (D:15)
  2 wargs
  6 porcupines
  13 water moccasins
  A meliai simulacrum (D:15)
  32 orc warriors
  An ice beast (D:7)
  4 sky beasts
  A phantom (D:14)
  4 black bears
  12 ogres
  A necrophage (D:10)
  3 boggarts (Lair:6)
  17 centaurs
  9 crocodiles
  28 wolves
  3 big kobolds
  13 bullfrogs
  3 gnoll sergeants
  A wyvern zombie (D:13)
  6 earth elementals
  3 scorpions
  7 killer bees (D:13)
  9 howler monkeys
  2 bullfrog zombies
  7 crimson imps
  3 centaur zombies
  11 hounds
  34 jellies
  A gnoll shaman (D:4)
  28 orc priests
  3 bullfrog skeletons
  4 centaur skeletons
  Crazy Yiuf (D:7)
  40 orc wizards
  5 iguanas
  8 worker ants
  A killer bee zombie (D:9)
  A hound zombie (D:9)
  A hound skeleton (D:7)
  A howler monkey zombie (D:7)
  15 gnolls
  11 adders
  4 shadow imps
  12 white imps (D:14)
  3 oozes
  An adder skeleton (D:4)
  2 worms (D:3)
  A dart slug (D:2)
  5 leopard geckos
  103 orcs
  3 ball pythons
  3 giant cockroaches
  5 goblins
  14 hobgoblins
  7 jackals
  19 kobolds
  4 quokkas
  12 bats
  2 frilled lizards
  2 giant cockroach zombies (D:1)
  A jackal skeleton (D:4)
  2 rats
  3 crawling corpses (Elf:1)
  4 tentacles
1335 creatures vanquished.

Vanquished Creatures (collateral kills)
  A deep elf master archer (Elf:3)
  Gastronok (Lair:3)
  A deep elf sorcerer (Elf:3)
  A frost giant (Depths:1)
  A deep elf elementalist (Elf:3)
  A deep elf annihilator (Elf:3)
  A deep elf high priest (Elf:3)
  A spriggan (Lair:6)
  3 harpies (Shoals:2)
  5 elephants (Lair:5)
  4 yaktaurs (D:15)
  2 merfolk (Shoals:4)
  A hornet (Lair:6)
  A blink frog (Lair:5)
  A water moccasin (Lair:3)
  2 porcupines (Lair:5)
  A black bear (Lair:6)
  A wolf (Lair:6)
  A boggart (Lair:6)
30 creatures vanquished.

Vanquished Creatures (others)
  2 deep elf magi (Elf:1)
  2 humans (Lair:4)
  A naga (Snake:4)
  An adder skeleton (D:5)
  An orc (Orc:2)
  5 fungi
  19 plants
  8 tentacles
39 creatures vanquished.

Grand Total: 1404 creatures vanquished

Notes
Turn   | Place    | Note
-------+----------+-------------------------------------------
     0 | D:1      | haldagan the Merfolk Gladiator began the quest for the Orb.
     0 | D:1      | Reached XP level 1. HP: 16/16 MP: 1/1
   146 | D:1      | Reached XP level 2. HP: 17/23 MP: 2/2
   267 | D:1      | Reached skill level 5 in Polearms
   733 | D:1      | Reached XP level 3. HP: 28/28 MP: 3/3
  1359 | D:2      | Found a basalt altar of Yredelemnul.
  1656 | D:2      | Reached XP level 4. HP: 35/35 MP: 4/4
  2126 | D:3      | Reached XP level 5. HP: 36/41 MP: 5/5
  2254 | D:3      | Reached skill level 5 in Dodging
  2731 | D:4      | Reached XP level 6. HP: 29/48 MP: 6/6
  3090 | D:4      | Reached XP level 7. HP: 16/55 MP: 7/7
  3471 | D:4      | Found a radiant altar of Vehumet.
  3471 | D:4      | Found an opulent altar of Gozag.
  3476 | D:4      | Found a deep blue altar of Sif Muna.
  3478 | D:4      | Found a shadowy altar of Dithmenos.
  3480 | D:4      | Found a hide-covered altar of Uskayaw.
  3538 | D:4      | Noticed Menkaure
  3555 | D:4      | Killed Menkaure
  3619 | D:4      | Reached skill level 5 in Fighting
  3738 | D:4      | Found a bloodstained altar of Trog.
  3763 | D:4      | Noticed a steam dragon
  3768 | D:4      | Killed a steam dragon
  3768 | D:4      | Reached skill level 10 in Polearms
  3768 | D:4      | Reached XP level 8. HP: 19/62 MP: 8/8
  4292 | D:4      | Found a shattered altar of Ashenzari.
  4294 | D:4      | Found a sacrificial altar of Ru.
  4294 | D:4      | Found a white marble altar of Elyvilon.
  4296 | D:4      | Found a shimmering altar of Xom.
  4296 | D:4      | Found a hide-covered altar of Uskayaw.
  4296 | D:4      | Found a glowing golden altar of the Shining One.
  4461 | D:4      | Became a worshipper of Trog the Wrathful
  4476 | D:5      | Entered Level 5 of the Dungeon
  4852 | D:5      | Found a white marble altar of Elyvilon.
  5408 | D:6      | Found a glowing silver altar of Zin.
  5630 | D:6      | Reached * piety under Trog
  5706 | D:6      | Found a glowing golden altar of the Shining One.
  5970 | D:6      | Found the +2 cloak of the Thief {+Fog Slay-2 SInv Stlth+}
  6034 | D:6      | Noticed a wraith
  6044 | D:6      | Killed a wraith
  6044 | D:6      | Reached XP level 9. HP: 71/71 MP: 9/9
  6724 | D:7      | Reached skill level 1 in Armour
  6734 | D:7      | Noticed Prince Ribbit
  6746 | D:7      | Killed Prince Ribbit
  7121 | D:7      | Reached skill level 10 in Dodging
  7137 | D:7      | Found a runed translucent door.
  7138 | D:7      | Noticed Crazy Yiuf
  7193 | D:7      | Found a staircase to the Ecumenical Temple.
  7202 | Temple   | Entered the Ecumenical Temple
  7508 | D:7      | Killed Crazy Yiuf
  7607 | D:8      | Noticed Psyche
  7616 | D:8      | Noticed Maurice
  7631 | D:8      | Killed Maurice
  7637 | D:8      | Killed Psyche
  7711 | D:8      | Reached XP level 10. HP: 79/79 MP: 10/10
  7725 | D:8      | Reached ** piety under Trog
  7869 | D:8      | Found a staircase to the Lair.
  8254 | D:8      | Reached *** piety under Trog
  8265 | D:8      | Noticed Joseph
  8282 | D:8      | Killed Joseph
  8592 | Lair:1   | Entered Level 1 of the Lair of Beasts
  8640 | Lair:1   | Noticed Grum
  8669 | Lair:1   | Killed Grum
  9076 | Lair:1   | Found the ring of the Octopus King
  9083 | Lair:1   | Noticed Erica
  9090 | Lair:1   | Got a ring of the Octopus King
  9093 | Lair:1   | Identified a ring of the Octopus King {MP+9 AC+1 EV+1 Str+1
                  | Int+1 Dex+1} (You found it on level 1 of the Lair of
                  | Beasts)
  9163 | Lair:1   | Killed Erica
  9163 | Lair:1   | Reached XP level 11. HP: 83/87 MP: 11/11
  9209 | Lair:1   | Noticed Sonja
  9220 | Lair:1   | Killed Sonja
 10159 | Lair:2   | Found a staircase to the Shoals.
 10159 | Lair:2   | Noticed a manticore
 10190 | Lair:2   | Killed a manticore
 10190 | Lair:2   | Reached **** piety under Trog
 10706 | Lair:2   | Noticed an eight-headed hydra
 10716 | Lair:2   | Killed an eight-headed hydra
 10716 | Lair:2   | Reached skill level 5 in Armour
 11020 | Lair:3   | Reached skill level 1 in Stealth
 11054 | Lair:3   | Found a staircase to the Snake Pit.
 11063 | Lair:3   | Noticed Gastronok
 11070 | Lair:3   | Reached skill level 10 in Fighting
 11070 | Lair:3   | Reached XP level 12. HP: 72/97 MP: 12/12
 11082 | Lair:3   | Killed Gastronok
 11729 | Lair:3   | Noticed an eight-headed hydra
 11748 | Lair:3   | Killed an eight-headed hydra
 12155 | Lair:4   | Noticed Kirke
 12192 | Lair:4   | Killed Kirke
 12242 | Lair:4   | Reached skill level 15 in Dodging
 12610 | Lair:4   | Found a runed translucent gate.
 12610 | Lair:4   | Found a runed translucent gate.
 12610 | Lair:4   | Noticed a ten-headed hydra
 12611 | Lair:4   | Found a runed translucent gate.
 12612 | Lair:4   | Noticed Ivernyr's ghost (journeyman NaWz)
 12612 | Lair:4   | Noticed a 13-headed hydra
 12767 | Lair:4   | Noticed a six-headed hydra
 13104 | Lair:5   | Found a staircase to the Slime Pits.
 13105 | Lair:5   | Found a viscous altar of Jiyva.
 13275 | Lair:5   | Reached skill level 5 in Stealth
 13360 | Lair:5   | Noticed a five-headed hydra
 13384 | Lair:5   | Killed a five-headed hydra
 13384 | Lair:5   | Reached XP level 13. HP: 35/107 MP: 13/13
 13973 | Lair:6   | Entered Level 6 of the Lair of Beasts
 14690 | Lair:6   | Paralysed by a hornet for 1 turns
 14925 | Lair:6   | Received a gift from Trog
 16046 | Lair:6   | Reached ***** piety under Trog
 16596 | Lair:6   | Gained mutation: You occasionally shout uncontrollably at
                  | your foes. [potion of mutation]
 16596 | Lair:6   | Gained mutation: You are somewhat resistant to further
                  | mutation. [potion of mutation]
 16763 | Lair:6   | Reached skill level 1 in Shields
 16763 | Lair:6   | Reached XP level 14. HP: 99/118 MP: 14/14
 17090 | D:9      | Found a flagged portal.
 17101 | Bailey   | Entered a bailey
 17334 | Bailey   | Got a jewelled helmet
 17340 | Bailey   | Identified the +1 helmet of Free Will {rElec} (You found it
                  | in a bailey)
 17410 | Bailey   | Reached skill level 2 in Shields
 18091 | D:9      | Found a burning altar of Makhleb.
 18339 | D:9      | Got a fine ring mail
 18350 | D:9      | Identified the cursed +1 ring mail of Understanding {rC+
                  | rCorr} (You found it on level 9 of the Dungeon)
 18833 | D:9      | Got a brightly glowing war axe
 18834 | D:9      | Identified the cursed +1 war axe of Strategic Superiority
                  | {protect, rPois Int+2} (You found it on level 9 of the
                  | Dungeon)
 18870 | D:10     | Entered Level 10 of the Dungeon
 18895 | D:10     | Noticed Josephine
 18924 | D:10     | Killed Josephine
 18924 | D:10     | Reached skill level 3 in Shields
 19234 | D:10     | Noticed Snorg
 19247 | D:10     | Killed Snorg
 19583 | D:10     | Noticed Nergalle
 19595 | D:10     | Killed Nergalle
 19807 | D:10     | Reached skill level 4 in Shields
 20085 | D:11     | You fall through a shaft for 3 floors!
 20119 | D:14     | Found a frozen archway.
 20160 | IceCv    | Entered an ice cave
 20740 | IceCv    | Noticed a frost giant
 20765 | IceCv    | Lost mutation: You occasionally shout uncontrollably at
                  | your foes. [potion of mutation]
 20765 | IceCv    | Lost mutation: You are somewhat resistant to further
                  | mutation. [potion of mutation]
 20765 | IceCv    | Gained mutation: You are clumsy. (Dex -2) [potion of
                  | mutation]
 20765 | IceCv    | Gained mutation: Potions are less effective at restoring
                  | your health. [potion of mutation]
 20765 | IceCv    | Lost mutation: You are clumsy. (Dex -2) [potion of
                  | mutation]
 20765 | IceCv    | Gained mutation: You possess an exceptional clarity of
                  | mind. [potion of mutation]
 20766 | IceCv    | Lost mutation: You possess an exceptional clarity of mind.
                  | [potion of mutation]
 20766 | IceCv    | Lost mutation: Potions are less effective at restoring your
                  | health. [potion of mutation]
 20766 | IceCv    | Gained mutation: You can translocate small distances at
                  | will. [potion of mutation]
 20766 | IceCv    | Gained mutation: Armour fits poorly on your strangely
                  | shaped body. [potion of mutation]
 20766 | IceCv    | Gained mutation: You are agile. (Dex +2) [potion of
                  | mutation]
 20874 | IceCv    | Killed a frost giant
 21009 | IceCv    | Reached skill level 5 in Shields
 21047 | IceCv    | Received a gift from Trog
 21048 | IceCv    | Got a jewelled demon trident {god gift}
 21049 | IceCv    | Identified the +4 demon trident of Sirax {freeze, Int+2
                  | Dex+5 SInv} (Trog gifted it to you in an ice cave)
 21775 | D:14     | Found an opulent altar of Gozag.
 21873 | D:14     | Reached skill level 6 in Shields
 21895 | D:14     | Noticed Louise
 22034 | D:13     | Reached ****** piety under Trog
 22347 | D:13     | Reached skill level 1 in Evocations
 22478 | D:13     | Received a gift from Trog
 22577 | D:13     | Reached skill level 7 in Shields
 22577 | D:13     | Reached XP level 15. HP: 77/126 MP: 16/16
 22592 | D:13     | Found a gate to the Vaults.
 23574 | D:12     | Found an iron altar of Okawaru.
 23945 | D:11     | Received a gift from Trog
 24248 | D:11     | Reached skill level 8 in Shields
 24423 | D:11     | Found a staircase to the Orcish Mines.
 24551 | D:11     | You fall through a shaft!
 24762 | D:11     | Got a shimmering robe
 24764 | D:11     | Identified the cursed +0 robe of the First Planets {+Blink
                  | Dex+2} (You found it on level 11 of the Dungeon)
 24830 | Orc:1    | Entered Level 1 of the Orcish Mines
 25063 | Orc:1    | Found a deep blue altar of Sif Muna.
 25148 | Orc:1    | Found a shimmering altar of Xom.
 25388 | Orc:1    | Identified Sif Muna's Grimoire of Flames
 25438 | Orc:2    | Entered Level 2 of the Orcish Mines
 25530 | Orc:2    | Found a staircase to the Elven Halls.
 25608 | Orc:2    | Received a gift from Trog
 25741 | Orc:2    | Reached skill level 15 in Polearms
 25907 | Orc:2    | Paralysed by an orc sorcerer for 2 turns
 25951 | Orc:2    | Noticed an orc warlord
 26006 | Orc:1    | Killed an orc warlord
 26362 | Orc:2    | Received a gift from Trog
 26727 | Orc:2    | Reached skill level 9 in Shields
 26965 | Orc:2    | Found Xipof's Antique Armour Shop.
 26965 | Orc:2    | Found Ceolew's Antique Weapon Boutique.
 26967 | Orc:2    | Found Hiuf's General Store.
 26967 | Orc:2    | Found Xaumaefa's Jewellery Shop.
 26982 | Orc:2    | Bought a pair of glowing gloves for 217 gold pieces
 26996 | Orc:2    | Bought a slimy robe for 165 gold pieces
 26996 | Orc:2    | Bought a faintly glowing ring mail for 261 gold pieces
 27007 | Orc:2    | Identified the +3 ring mail of a bailey {rElec} (You bought
                  | it in a shop on level 2 of the Orcish Mines)
 27017 | Orc:2    | Identified the +1 robe of the Rabble {Int-4 Dex+5} (You
                  | bought it in a shop on level 2 of the Orcish Mines)
 27037 | Orc:2    | Bought a potion of heal wounds for 55 gold pieces
 27037 | Orc:2    | Bought a potion of curing for 33 gold pieces
 27038 | Orc:2    | Bought a ring of the Octopus King {rN+ AC+1 EV+1 Str+1
                  | Int+1 Dex+1} for 542 gold pieces
 27038 | Orc:2    | Found the ring of the Octopus King {rN+ AC+1 EV+1 Str+1
                  | Int+1 Dex+1}
 27173 | Orc:2    | Found a roughly hewn altar of Beogh.
 28005 | D:14     | Killed Louise
 28147 | D:14     | Noticed Frances
 28161 | D:14     | Killed Frances
 28161 | D:14     | Reached skill level 10 in Armour
 28319 | D:15     | Entered Level 15 of the Dungeon
 28329 | D:15     | Got a pair of warped gloves
 28341 | D:15     | Identified the cursed -1 pair of gloves "Qawuwkia" {rC++
                  | rCorr Int+2} (You found it on level 15 of the Dungeon)
 28529 | D:15     | Reached XP level 16. HP: 124/134 MP: 19/19
 28733 | D:15     | Reached skill level 5 in Evocations
 28794 | D:15     | Noticed Rupert
 28805 | D:15     | Killed Rupert
 28805 | D:15     | Reached skill level 10 in Shields
 29176 | D:15     | Noticed Azrael
 29185 | D:15     | Killed Azrael
 29293 | D:15     | Received a gift from Trog
 29726 | D:15     | Found a staircase to the Depths.
 29762 | D:15     | Reached skill level 15 in Fighting
 30147 | Depths:1 | Entered Level 1 of the Depths
 30512 | D:15     | Reached skill level 11 in Shields
 30749 | Shoals:1 | Entered Level 1 of the Shoals
 30783 | Shoals:1 | Got a spiked leather armour
 30804 | Shoals:1 | Identified the +2 leather armour of Day {rC++ MR+ Dex-5
                  | SInv} (You found it on level 1 of the Shoals)
 31495 | Shoals:2 | Noticed a kraken
 31698 | Shoals:2 | Killed a kraken
 33057 | Shoals:3 | Reached skill level 12 in Shields
 33057 | Shoals:3 | Reached XP level 17. HP: 142/142 MP: 22/22
 33088 | Shoals:3 | Received a gift from Trog
 33405 | Shoals:3 | Noticed a kraken
 33421 | Shoals:3 | Killed a kraken
 33838 | Shoals:4 | Entered Level 4 of the Shoals
 33871 | Shoals:4 | Lost mutation: You are agile. (Dex +2) [potion of mutation]
 33871 | Shoals:4 | Lost mutation: You can translocate small distances at will.
                  | [potion of mutation]
 33871 | Shoals:4 | Gained mutation: You evolve. [potion of mutation]
 33871 | Shoals:4 | Gained mutation: You can translocate small distances at
                  | will. [potion of mutation]
 33872 | Shoals:4 | Lost mutation: Armour fits poorly on your strangely shaped
                  | body. [potion of mutation]
 33872 | Shoals:4 | Lost mutation: You evolve. [potion of mutation]
 33872 | Shoals:4 | Gained mutation: You occasionally shout uncontrollably at
                  | your foes. [potion of mutation]
 33872 | Shoals:4 | Gained mutation: You are surrounded by a mild repulsion
                  | field. (EV +2) [potion of mutation]
 34943 | Shoals:4 | Reached skill level 13 in Shields
 35114 | Shoals:4 | Received a gift from Trog
 35834 | Shoals:4 | Got a barnacled rune of Zot
 36089 | Snake:1  | Entered Level 1 of the Snake Pit
 36608 | Snake:1  | Got a shimmering hand axe
 36609 | Snake:1  | Identified the cursed +1 hand axe of Untimely Demise {chop,
                  | *Drain rPois rC++} (You found it on level 1 of the Snake
                  | Pit)
 36698 | Snake:1  | Found a deep blue altar of Sif Muna.
 36928 | Snake:2  | Reached skill level 14 in Shields
 37261 | Snake:2  | Reached XP level 18. HP: 149/149 MP: 25/25
 37430 | Snake:2  | Received a gift from Trog
 38600 | Snake:3  | Received a gift from Trog
 38607 | Snake:3  | Got a dazzling demon whip {god gift}
 38608 | Snake:3  | Identified the +10 demon whip of Cowardice {vamp, Fragile
                  | Dex+10} (Trog gifted it to you on level 3 of the Snake Pit)
 38815 | Snake:3  | Found Maisor's Antique Weapon Boutique.
 38943 | Snake:4  | Entered Level 4 of the Snake Pit
 39058 | Snake:4  | Reached skill level 10 in Evocations
 39615 | Snake:4  | Found Etag's Antique Armour Shoppe.
 39618 | Snake:4  | Bought a pair of brightly glowing boots for 266 gold pieces
 39622 | Snake:4  | Identified the +2 pair of boots of Ceajoh {Dex+6} (You
                  | bought it in a shop on level 4 of the Snake Pit)
 39905 | Snake:4  | Found Uchuxim's Weapon Shoppe.
 39997 | Snake:4  | Bought a fine ring mail for 252 gold pieces
 39997 | Snake:4  | Bought a translucent shield for 266 gold pieces
 40004 | Snake:4  | Identified the +4 ring mail "Beaso" {rPois MR- Str+3 Int+5}
                  | (You bought it in a shop on level 4 of the Snake Pit)
 40005 | Snake:4  | Identified the cursed +0 shield of the Orb Guardian {rPois
                  | rC++ Int+4 Dex-5} (You bought it in a shop on level 4 of
                  | the Snake Pit)
 40411 | Snake:4  | Received a gift from Trog
 40431 | Snake:4  | Reached skill level 15 in Shields
 40824 | Snake:4  | Identified a scroll of acquirement
 40840 | Snake:4  | Identified a +1 pair of boots of running (You acquired it
                  | on level 4 of the Snake Pit)
 40914 | Snake:4  | Reached XP level 19. HP: 149/157 MP: 27/27
 41708 | Snake:4  | Received a gift from Trog
 41927 | Snake:4  | Noticed Vashnia
 42069 | Snake:4  | Killed Vashnia
 42069 | Snake:4  | Reached skill level 16 in Shields
 42803 | Snake:4  | Got a serpentine rune of Zot
 43138 | Elf:1    | Entered Level 1 of the Elven Halls
 43649 | Elf:1    | Received a gift from Trog
 43677 | Elf:1    | Gained mutation: You are dopey. (Int -2) [a cacodemon]
 44076 | Elf:1    | Reached skill level 17 in Shields
 44345 | Elf:1    | Found a runed translucent gate.
 44345 | Elf:1    | Found a runed translucent gate.
 44345 | Elf:1    | Found a runed translucent gate.
 44345 | Elf:1    | Found a runed translucent gate.
 44345 | Elf:1    | Found a runed translucent gate.
 44346 | Elf:1    | Found a runed translucent gate.
 44607 | Elf:2    | Found Inoze's Jewellery Shop.
 44746 | Elf:2    | Reached XP level 20. HP: 124/164 MP: 29/29
 45122 | Elf:2    | Found a huge runed translucent gate.
 45122 | Elf:2    | Found a huge runed translucent gate.
 45122 | Elf:2    | Found a huge runed translucent gate.
 45123 | Elf:2    | Found a huge runed translucent gate.
 45125 | Elf:2    | Found a huge runed translucent gate.
 45414 | Elf:3    | Entered Level 3 of the Elven Halls
 46180 | Elf:3    | Received a gift from Trog
 46354 | Elf:3    | Reached skill level 18 in Shields
 46589 | Elf:3    | Identified the ring of Zyxkotzy {rF+ AC+3 Str+7}
 46677 | Elf:3    | Found the +8 demon trident "Rift" {distort, reach+}
 46755 | Elf:3    | Reached skill level 1 in Invocations
 47094 | Elf:3    | Got an ancient chain mail
 47105 | Elf:3    | Identified the cursed +0 chain mail "Zeozuniss" {Int+6}
                  | (You found it on level 3 of the Elven Halls)
 47118 | Elf:3    | Got a pair of bloodstained gloves
 47129 | Elf:3    | Identified the +0 pair of gloves of Understanding {+Fly
                  | rElec rPois Int+2} (You acquired it on level 3 of the Elven
                  | Halls)
 47230 | Elf:3    | Got a slimy chain mail
 47241 | Elf:3    | Identified the cursed +0 chain mail "Daod" {+Fly rF- rCorr
                  | MP-9} (You found it on level 3 of the Elven Halls)
 47315 | Elf:3    | Got a twisted shield
 47326 | Elf:3    | Identified the +2 shield "Fyosez" {rF+} (You acquired it on
                  | level 3 of the Elven Halls)
 47547 | Elf:2    | Bought the ring "Ukkelaq" {*Tele Str+7 Int-5 Slay+6 Stlth+}
                  | for 793 gold pieces
 47731 | Orc:2    | Bought an uncursed amulet of faith for 520 gold pieces
 48113 | Temple   | Fell from the grace of Trog
 48113 | Temple   | Became a worshipper of Jiyva Jiduc the Shapeless
 48459 | D:15     | Reached * piety under Jiyva
 48494 | D:15     | Reached ** piety under Jiyva
 48533 | D:15     | Reached *** piety under Jiyva
 48723 | D:8      | Lost mutation: You are dopey. (Int -2) [Jiyva's grace]
 48730 | D:8      | Reached **** piety under Jiyva
 48948 | Elf:3    | Gained mutation: Armour fits poorly on your strangely
                  | shaped body. [Jiyva's grace]
 48951 | Elf:3    | Reached ***** piety under Jiyva
 48992 | Elf:3    | Gained mutation: Your system is resistant to poisons.
                  | (rPois) [Jiyva's grace]
 48996 | Elf:3    | Gained mutation: You have a beak for a mouth. [Jiyva's
                  | grace]
 48996 | Elf:3    | Reached ****** piety under Jiyva
 49070 | Orc:1    | Gained mutation: You are resistant to electric shocks.
                  | (rElec) [Jiyva's grace]
 49270 | Slime:1  | Entered Level 1 of the Pits of Slime
 49312 | Slime:5  | Entered Level 5 of the Pits of Slime
 49315 | Slime:5  | Gained mutation: Your rubbery body absorbs attacks. (AC +1,
                  | EV +1) [Jiyva's grace]
 49320 | Slime:5  | Gained mutation: Your translucent skin slightly reduces
                  | your foes' accuracy. (Stealth) [Jiyva's grace]
 49322 | Slime:5  | Lost mutation: You occasionally shout uncontrollably at
                  | your foes. [Jiyva's grace]
 49326 | Slime:5  | Gained mutation: Armour fits poorly on your pseudopods.
                  | [Jiyva's grace]
 49331 | Slime:5  | Found a viscous altar of Jiyva.
 49333 | Slime:5  | Noticed the Royal Jelly
 49337 | Slime:5  | Gained mutation: You are resistant to hostile enchantments.
                  | (MR+) [Jiyva's grace]
 49358 | Slime:5  | Got a glittering iron ring
 49360 | Slime:5  | Identified the ring "Fevvelor" {+Inv Str+5} (You found it
                  | on level 5 of the Pits of Slime)
 49367 | Slime:5  | Got a bloodstained scale mail
 49378 | Slime:5  | Identified the +3 scale mail of Hairiness {rN++ Stlth+}
                  | (You found it on level 5 of the Pits of Slime)
 49398 | Slime:5  | Got a slimy rune of Zot
 49401 | Slime:5  | Got a pitted marble ring
 49403 | Slime:5  | Identified the ring "Miax" {*Drain MR++ Stlth+} (You found
                  | it on level 5 of the Pits of Slime)
 49415 | Slime:5  | Got a polished chain mail
 49426 | Slime:5  | Identified the +2 chain mail of Gidiput {-Tele rC- Str+6}
                  | (You found it on level 5 of the Pits of Slime)
 49439 | Slime:5  | Got a pitted buckler
 49470 | Slime:5  | Identified the +2 buckler of Sloth {Str+3 Int+4 Dex+2
                  | Stlth+} (You found it on level 5 of the Pits of Slime)
 49483 | Slime:5  | Got a faintly humming buckler
 49489 | Slime:5  | Identified the cursed +0 buckler of the Vestibule of Hell
                  | {rElec rN+ Str-5 SInv} (You found it on level 5 of the Pits
                  | of Slime)
 49510 | Slime:5  | Lost mutation: Armour fits poorly on your strangely shaped
                  | body. [Jiyva's power]
 49870 | D:6      | Fell from the grace of Jiyva
 49870 | D:6      | Became a worshipper of Zin the Law-Giver
 49870 | D:6      | Reached * piety under Zin
 49870 | D:6      | Reached ** piety under Zin
 49870 | D:6      | Reached *** piety under Zin
 49871 | D:6      | Donated 815 gold pieces to Zin
 49946 | D:7      | Reached **** piety under Zin
 50649 | Depths:1 | Noticed Sojobo
 50720 | D:15     | Paralysed by Trog for 6 turns
 52197 | D:15     | Lost mutation: Your rubbery body absorbs attacks. (AC +1,
                  | EV +1) [the vengeance of Jiyva]
 52206 | Depths:1 | Paralysed by a vampire knight for 7 turns
 52213 | Depths:1 | HP: 6/165 [tengu reaver (illusionary)/+2 dire flail of
                  | venom[Sojobo] (6)]
 52213 | Depths:1 | Mangled by a stone giant

Skill      XL: |  1  2  3  4  5  6  7  8  9 10 11 12 13 14 15 16 17 18 19 20 |
---------------+-------------------------------------------------------------+-----
Polearms       | 5 6 7 8 10 11 12 13 14 15 16 | 16.3
Fighting       | 3 4 5 6 7 8 10 11 13 14 15 16 | 16.2
Dodging        | 5 6 7 8 10 13 14 15 16 | 16.0
Armour         | 2 4 5 7 8 9 10 11 12 | 12.4
Stealth        | 1 5 7 9 |  9.0
Shields        | 1 7 9 12 14 15 17 18 | 18.3
Evocations     | 1 4 7 9 10 12 13 | 13.2
Invocations    | 4 |  4.7
Throwing       | |  2.0

Action                   |  1- 3 |  4- 6 |  7- 9 | 10-12 | 13-15 | 16-18 | 19-21 || total
-------------------------+-------+-------+-------+-------+-------+-------+-------++-------
Melee: Trident           |   109 |    97 |   260 |   790 |  1341 |       |   377 ||  2974
       Whip              |       |    50 |    75 |       |       |       |       ||   125
       Demon trident     |       |       |       |       |  1132 |  2224 |  1453 ||  4809
       Tailslap          |       |       |       |       |     2 |    46 |     2 ||    50
       Pseudopods        |       |       |       |       |       |       |   153 ||   153
       Peck              |       |       |       |       |       |       |   152 ||   152
 Fire: Blowgun           |       |       |       |       |     6 |       |       ||     6
Invok: Berserk           |       |       |     3 |     8 |    15 |     5 |       ||    31
       Brothers in Arms  |       |       |       |     2 |     1 |     8 |     1 ||    12
       Recite            |       |       |       |       |       |       |     1 ||     1
       Donate Gold       |       |       |       |       |       |       |     1 ||     1
       Request Jelly     |       |       |       |       |       |       |     1 ||     1
       Cure Bad Mutation |       |       |       |       |       |       |     1 ||     1
 Abil: Evoke Fog         |       |       |       |       |     1 |       |     1 ||     2
Evoke: Wand              |       |     5 |    27 |    14 |    23 |    14 |    23 ||   106
       Box of beasts     |       |       |       |       |     2 |       |       ||     2
  Use: Scroll            |     4 |       |       |    15 |    17 |    18 |    11 ||    65
       Potion            |       |       |       |     3 |     4 |     6 |    11 ||    24
 Stab: Sleeping          |     2 |       |     4 |    10 |    36 |    15 |     1 ||    68
       Confused          |       |       |       |     9 |       |     1 |       ||    10
       Distracted        |       |       |       |     2 |    16 |     7 |     2 ||    27
       Paralysed         |       |       |       |       |    22 |     7 |       ||    29
       Invisible         |       |       |       |       |       |     1 |       ||     1
       Fleeing           |       |       |       |       |       |     1 |       ||     1
  Eat: Chunk             |     2 |     5 |    11 |    11 |    33 |    13 |    10 ||    85
       Ration            |       |       |     2 |     4 |    10 |    10 |     6 ||    32
Armor: Leather armour    |    14 |    21 |    45 |   113 |   108 |       |       ||   301
       Robe              |     1 |       |       |       |       |       |       ||     1
       Ring mail         |       |       |       |       |   179 |    15 |       ||   194
       Chain mail        |       |       |       |       |       |   225 |       ||   225
       Plate armour      |       |       |       |       |       |    60 |   297 ||   357
Dodge: Dodged            |    47 |    77 |   195 |   592 |  1457 |   923 |   460 ||  3751
Block: Buckler           |       |       |       |       |    24 |       |       ||    24
       Shield            |       |       |       |       |   603 |   969 |   699 ||  2271
